AoeStats
← somohano89

Arabia

509381159Analyzed
1v1 RM · 7d ago on Sep 26, 2026· 57m 4s· 2 players
Game mode
Random Map
Map size
Tiny (2 player)
Population
200
Speed
Normal
Resources
Standard
Victory
Conquest
Starting age
Dark Age
Ending age
Imperial Age
RankedLock teamsTeams togetherTeam positionsShared explorationLock speedFull tech treeHidden civsTurbo modeCheats
Victory
Defeat
🇺🇸 Mongols · United States
1027
+15
🇲🇽 Japanese · Mexico
1000
-15
somohano89
2:29 Loom
11:06 Feudal Age
12:52 Wheelbarrow
12:05 Double-Bit Axe
12:03 Horse Collar
13:50 Arson
17:48 Bloodlines
19:32 Man-at-Arms
20:32 Forging
27:49 Castle Age
26:54 Town Watch
28:00 Pikeman
28:29 Gambesons
29:55 Squires
39:10 Scale Mail Armor
dismichaeled
0:53 Loom
10:05 Feudal Age
12:48 Double-Bit Axe
22:06 Castle Age
20:38 Forging
20:35 Scale Barding Armor
21:06 Bloodlines
27:54 Iron Casting
28:12 Padded Archer Armor
28:02 Fletching
30:38 Wheelbarrow
32:31 Leather Archer Armor
32:13 Bodkin Arrow
32:34 Crossbowman
36:10 Thumb Ring
36:42 Hand Cart
39:34 Imperial Age
37:03 Elite Skirmisher
38:21 Horse Collar
39:02 Bow Saw
42:27 Arbalester
43:45 Ballistics
44:26 Chemistry
49:08 Capped Ram
50:00 Siege Ram
56:57 Onager
Connection lost

Rejoining the realm…

Still unreachable

The connection could not be restored.

Session expired

The server has moved on; the page needs a fresh start.